 Dungeon Crawl Stone Soup version 0.26-a0-720-g2a1d101370 (webtiles) character file.

Game seed: 63626111253353206

829 somkeydreadnuts the Geomancer (level 7, -2/40 HPs)
             Began as a Gargoyle Earth Elementalist on Nov 2, 2020.
             Slain by an orc wizard
             ... wielding a +0 dagger
              (3 damage)
             ... on level 4 of the Dungeon.
             The game lasted 00:13:27 (3616 turns).

somkeydreadnuts the Geomancer (GrEE)                Turns: 3616, Time: 00:13:27

Health: -2/40      AC:  6    Str: 11    XL:     7   Next: 97%
Magic:  10/10      EV: 12    Int: 18    God:
Gold:   213        SH:  0    Dex: 10    Spells: 9/10 levels left

rFire    . . .     SeeInvis .   i - +0 hand axe
rCold    . . .     Faith    .   (no shield)
rNeg     + . .     Spirit   .   c - +0 robe
rPois    ∞         Reflect  .   (no helmet)
rElec    +         Harm     .   (no cloak)
rCorr    .         Rampage  .   (no gloves)
MR       .....                  (no boots)
Stlth    ++........             o - amulet of the acrobat
HPRegen  0.13/turn              d - +4 ring of slaying
MPRegen  0.12/turn              (no ring)

@: brilliant
A: negative energy resistance 1, electricity resistance, unbreathing,
petrification resistance, rot immunity, AC +4
a: no special abilities


You were on level 4 of the Dungeon.
You visited 1 branch of the dungeon, and saw 4 of its levels.

You collected 213 gold pieces.

Inventory:

Hand Weapons
 i - a +0 hand axe (weapon)
Missiles
 b - 23 stones (quivered)
Armour
 c - a +0 robe (worn)
Jewellery
 d - a +4 ring of slaying (left hand)
 o - an amulet of the acrobat (around neck)
Wands
 m - a wand of iceblast (7)
Scrolls
 f - 6 scrolls of remove curse {unknown}
 g - a scroll of fog {unknown}
 h - 3 scrolls of enchant armour {unknown}
 j - 2 scrolls of enchant weapon {unknown}
 l - 2 scrolls of identify {unknown}
 n - a scroll of amnesia {unknown}
Potions
 a - a potion of brilliance
 e - a potion of lignification {unknown}
 k - 3 potions of flight
 p - a potion of invisibility {unknown}
 q - 2 potions of curing {unknown}


   Skills:
 + Level 2.9 Fighting
 - Level 1.7 Axes
 - Level 1.5 Dodging
 - Level 2.1 Stealth
 - Level 2.0 Spellcasting
   Level 0.7 Transmutations
 - Level 10.0 Earth Magic


You had 9 spell levels left.
You knew the following spells:

 Your Spells              Type           Power        Failure   Level
a - Sandblast             Erth           ######       1%          1

Your spell library contained the following spells:

 Spells                   Type           Power        Failure   Level
 Passwall                 Tmut/Erth      ####....     3%          2
 Stone Arrow              Conj/Erth      ####..       7%          3
 Lee's Rapid Deconstruct  Erth           ######....   9%          5
 Petrify                  Tmut/Erth      ####....     21%         4


Dungeon Overview and Level Annotations

Branches:
Dungeon (4/15)
 Temple: D:4-7

Altars:


Innate Abilities, Weirdness & Mutations

You are resistant to torment.
Your stone body is resilient. (AC +4)
You are immune to poison.
You resist negative energy. (rN+)
You are resistant to electric shocks. (rElec)
You can survive without breathing.
You are immune to petrification.
You are immune to rotting.


Message History

You kill the orc!
Something hits you.
You miss something. Something hits you but does no damage.
You miss something.
You hear some strange, mumbled words.
A puff of frost appears from out of thin air!
The puff of frost hits you!
* * * LOW HITPOINT WARNING * * *
You closely miss something.
You hear some strange, mumbled words.
A puff of frost appears from out of thin air!
The puff of frost hits you!
* * * LOW HITPOINT WARNING * * *
Something hits you but does no damage.
It was a potion of brilliance.
You feel clever all of a sudden. Something hits you.
* * * LOW HITPOINT WARNING * * *
Something hits you.
You die...

#.......# #.#.#
.[.#.###.########.#.##
#...................#
#.########'########.#
###.. #.#...####.#
#.... #.##.[..##.#
##..).##.##....##.#
#...){#...#'....#.#
######@....######.#
+...............'.#
###...........###.#
#.##.........##.#.#
#..##.......##..#.#
#######
#.[.'.......'...#.#
.......
#..##.......##).#.#
#######
#.##....#....##.#.#
#..#..##'##..#..#.#


There were no monsters in sight!

Vanquished Creatures
  Grinder (D:3)
  Sigmund (D:3)
  A phantom (D:4)
  An ogre (D:4)
  A scorpion (D:4)
  3 worker ants (D:4)
  An iguana (D:4)
  A hound skeleton (D:4)
  6 adders
  An adder skeleton (D:4)
  2 worms (D:2)
  A dart slug (D:1)
  2 leopard geckos (D:3)
  10 orcs
  7 bats
  8 giant cockroaches
  10 goblins
  8 hobgoblins
  7 kobolds
  A quokka (D:3)
  2 ball pythons
  6 frilled lizards
  5 rats (D:1)
86 creatures vanquished.

Notes
Turn   | Place    | Note
-------+----------+-------------------------------------------
     0 | D:1      | somkeydreadnuts the Gargoyle Earth Elementalist began the
                  | quest for the Orb.
     0 | D:1      | Reached XP level 1. HP: 10/10 MP: 3/3
   141 | D:1      | Reached skill level 4 in Earth Magic
   351 | D:1      | Reached XP level 2. HP: 15/15 MP: 0/5
   625 | D:1      | Reached XP level 3. HP: 12/19 MP: 6/6
   627 | D:1      | Reached skill level 5 in Earth Magic
  1229 | D:2      | Reached XP level 4. HP: 20/24 MP: 4/7
  1479 | D:2      | Reached skill level 6 in Earth Magic
  2465 | D:3      | Reached XP level 5. HP: 25/28 MP: 8/8
  2499 | D:3      | Noticed Grinder
  2501 | D:3      | Paralysed by Grinder for 3 turns
  2510 | D:3      | Killed Grinder
  2510 | D:3      | Reached skill level 1 in Axes
  2510 | D:3      | Reached skill level 8 in Earth Magic
  2510 | D:3      | Reached XP level 6. HP: 16/32 MP: 4/9
  2745 | D:3      | Noticed Sigmund
  2758 | D:3      | Killed Sigmund
  2758 | D:3      | Reached XP level 7. HP: 30/36 MP: 6/10
  2958 | D:3      | Reached skill level 9 in Earth Magic
  3268 | D:4      | Reached skill level 10 in Earth Magic
  3616 | D:4      | HP: 1/40 [something (2)]
  3616 | D:4      | Slain by an orc wizard

Illustrated notes

Levels and vault maps discovered:
D:1:      lightli_arrival_flooded_house, layout_rooms
D:2:      layout_loops_ring
D:3:      layout_basic, uniq_grinder, uniq_sigmund
D:4:      layout_loops_ring, minmay_temple_entry_statues, minmay_pentangle

Skill      XL: |  1  2  3  4  5  6  7 |
---------------+----------------------+-----
Earth Magic    | 4 5 6 8 10 | 10.0
Axes           | 1 |  1.7
Fighting       | 2 |  2.9
Dodging        | |  1.5
Stealth        | |  2.1
Spellcasting   | |  2.0
Transmutations | |  0.7

Action                   |  1- 3 |  4- 6 |  7- 9 || total
-------------------------+-------+-------+-------++-------
Melee: Unarmed           |    14 |       |       ||    14
       Club              |    56 |    45 |       ||   101
       Hand axe          |       |    15 |    59 ||    74
 Cast: Sandblast         |    20 |    16 |    14 ||    50
Evoke: Wand              |       |       |     1 ||     1
  Use: Potion            |       |     4 |     1 ||     5
 Stab: Sleeping          |       |       |     2 ||     2
       Distracted        |       |       |     1 ||     1
Armor: Robe              |    28 |    21 |    16 ||    65
Dodge: Dodged            |    64 |    50 |    30 ||   144

Table legend: (Time is in decaauts)
 A = Elapsed time spent in this place.
 B = Non-inter-level travel time spent in this place.
 C = Inter-level travel time spent in this place.
 D = Time resting spent in this place.
 E = Time spent auto-exploring this place.
 F = Levels seen in this place.
 G = Mean time per level.
                   A        B        C        D        E       F      G
               +--------+--------+--------+--------+--------+-----+--------+
         Total |   3671 |   3671 |      0 |      0 |   2429 |   4 |  917.8 |
       Dungeon |   3671 |   3671 |      0 |      0 |   2429 |   4 |  917.8 |
               +--------+--------+--------+--------+--------+-----+--------+

Top non-repeatable levels by time:
     D:1: 1088 daAuts
     D:2: 1069 daAuts
     D:3: 911 daAuts
     D:4: 602 daAuts
